 Dungeon Crawl Stone Soup version 0.26-a0-652-gafc20e3620 (webtiles) character file.

Game seed: 3520160535741610209

42 Kraken2834 the Chopper (level 3, -2/33 HPs)
             Began as a Hill Orc Monk on Oct 4, 2020.
             Slain by a sky beast (5 damage)
             ... on level 2 of the Dungeon.
             The game lasted 00:04:43 (1469 turns).

Kraken2834 the Chopper (Hill Orc Monk)              Turns: 1469, Time: 00:04:44

Health: -2/33      AC:  2    Str: 14    XL:     3   Next: 56%
Magic:  3/3        EV: 13    Int: 10    God:
Gold:   100        SH:  0    Dex: 13    Spells: 2/2 levels left

rFire    . . .     SeeInvis .   j - +0 hand axe
rCold    . . .     Faith    .   (no shield)
rNeg     . . .     Spirit   .   b - +0 robe
rPois    .         Reflect  .   (no helmet)
rElec    .         Harm     .   (no cloak)
rCorr    .         Rampage  .   (no gloves)
MR       .....                  (no boots)
Stlth    ++........             (no amulet)
HPRegen  0.11/turn              k - ring of wizardry
MPRegen  0.08/turn              (no ring)

@: no status effects
A: no striking features
a: no special abilities


You were on level 2 of the Dungeon.
You visited 1 branch of the dungeon, and saw 2 of its levels.

You collected 100 gold pieces.

Inventory:

Hand Weapons
 j - a +0 hand axe (weapon)
Armour
 b - a +0 robe (worn)
Jewellery
 k - a ring of wizardry (left hand)
Scrolls
 a - 3 scrolls of magic mapping {unknown}
 d - 2 scrolls of teleportation {unknown}
 e - 2 scrolls of amnesia {unknown}
 f - a scroll of immolation {unknown}
 g - a scroll of enchant weapon {unknown}
 h - 3 scrolls of identify {unknown}
 i - 2 scrolls of remove curse {unknown}
 n - a scroll of random uselessness {unknown}
Potions
 c - a potion of heal wounds {unknown}
 l - a potion of haste {unknown}
 m - a potion of might {unknown}
 o - a potion of brilliance {unknown}


   Skills:
 + Level 4.2 Fighting
 * Level 5.2 Axes
 * Level 0.7 Armour
 - Level 2.4 Dodging
 - Level 1.5 Stealth


You had 2 spell levels left.
You didn't know any spells.
Your spell library contained the following spells:

 Spells                   Type           Power        Failure   Level
 Magic Dart               Conj           #...         16%         1
 Blink                    Tloc           N/A          22%         2
 Call Imp                 Summ           #.......     22%         2
 Slow                     Hex            #.......     22%         2
 Conjure Flame            Conj/Fire      #.......     41%         3
 Mephitic Cloud           Conj/Pois/Air  #.......     41%         3


Dungeon Overview and Level Annotations

Branches:
Dungeon (2/15)

Altars:
Fedhas
Xom


Message History

The sky beast hits you. The sky beast shocks you.
You are too injured to fight recklessly!
You are too injured to fight recklessly!
You are too injured to fight recklessly!
You hit the sky beast.
The sky beast is heavily wounded.
The sky beast barely misses you.
You hit the sky beast.
The sky beast is severely wounded.
The sky beast hits you. The sky beast shocks you.
* * * LOW HITPOINT WARNING * * *
You barely miss the sky beast.
The sky beast is severely wounded.
The sky beast completely misses you.
You hit the sky beast but do no damage.
The sky beast is severely wounded.
The sky beast barely misses you. The sky beast hits you.
* * * LOW HITPOINT WARNING * * *
The sky beast shocks you.
You die...

≈≈..≈.#†...#
#....####≈..≈≈.+....#
#....#....._≈..#....#
#....#....≈≈≈..#.[..#
#....#...≈≈.≈.##....#
#....#.......# #.....
#....#.......# #.....
#....#.......# #.....
#..Y@#.......###.....
+....'.......'.......
#....#.......####'###
######.......# #..<#
#.......# #####
#########


You could see a sky beast.

Vanquished Creatures
  2 dart slugs
  3 giant cockroaches
  3 goblins
  6 hobgoblins (D:2)
  7 jackals
  A kobold (D:1)
  A quokka (D:2)
  5 bats
  A frilled lizard (D:2)
  4 rats
33 creatures vanquished.

Notes
Turn   | Place    | Note
-------+----------+-------------------------------------------
     0 | D:1      | Kraken2834 the Hill Orc Monk began the quest for the Orb.
     0 | D:1      | Reached XP level 1. HP: 19/19 MP: 1/1
   170 | D:1      | Reached XP level 2. HP: 25/27 MP: 2/2
   485 | D:1      | Found a glowing golden altar of the Shining One.
   487 | D:1      | Found a sacrificial altar of Ru.
   487 | D:1      | Found a shimmering altar of Xom.
   489 | D:1      | Found an opulent altar of Gozag.
   489 | D:1      | Found a shimmering altar of Xom.
   489 | D:1      | Found a shimmering altar of Xom.
   993 | D:2      | Reached XP level 3. HP: 30/33 MP: 3/3
   994 | D:2      | Reached skill level 5 in Axes
  1319 | D:2      | Found a blossoming altar of Fedhas.
  1458 | D:2      | Noticed a sky beast
  1469 | D:2      | Slain by a sky beast

Illustrated notes

Levels and vault maps discovered:
D:1:      nzn_arrival_depleted_hourglass, layout_rooms, moated_statue,
          doesnt_xom_only_xom
D:2:      layout_basic, grunt_temple_overflow_holy_war,
          nicolae_overflow_crystal_walls, fedhas_altar_2

Skill      XL: |  1  2  3 |
---------------+----------+-----
Fighting       | 4 |  4.2
Axes           | 5 |  5.2
Armour         | |  0.7
Dodging        | |  2.4
Stealth        | |  1.5

Action                   || total
-------------------------++-------
Melee: Hand axe          ||   131
 Stab: Sleeping          ||     4
Armor: Robe              ||    18
Dodge: Dodged            ||    92

Table legend: (Time is in decaauts)
 A = Elapsed time spent in this place.
 B = Non-inter-level travel time spent in this place.
 C = Inter-level travel time spent in this place.
 D = Time resting spent in this place.
 E = Time spent auto-exploring this place.
 F = Levels seen in this place.
 G = Mean time per level.
                   A        B        C        D        E       F      G
               +--------+--------+--------+--------+--------+-----+--------+
         Total |   1475 |   1458 |     17 |      0 |   1085 |   2 |  737.5 |
       Dungeon |   1475 |   1458 |     17 |      0 |   1085 |   2 |  737.5 |
               +--------+--------+--------+--------+--------+-----+--------+

Top non-repeatable levels by time:
     D:1: 754 daAuts
     D:2: 720 daAuts
